 Dungeon Crawl Stone Soup version 0.29-a0-477-g62b78b4225 (webtiles) character file.

Game seed: 872440909336234528

358 xian the Covert (level 6, -2/41 HPs)
             Began as an Octopode Brigand on May 25, 2022.
             Was an Initiate of Gozag.
             Splashed by a jelly's acid (11 damage)
             ... on level 5 of the Dungeon.
             The game lasted 00:18:31 (4143 turns).

xian the Covert (Octopode Brigand)                  Turns: 4143, Time: 00:18:31

Health: -2/41      AC: -11   Str: 10    XL:     6   Next: 64%
Magic:  6/6        EV:  9    Int: 14    God:    Gozag
Gold:   340        SH: 13    Dex: 21    Spells: 5/5 levels left

rFire   . . .      SeeInvis .   a - +2 dagger
rCold   . . .      Faith    .   l - +0 tower shield
rNeg    . . .      Spirit   .   (helmet restricted)
rPois   .          Reflect  .   (no amulet)
rElec   .          Harm     .   k - +6 ring of dexterity
rCorr   .          Rampage  .   (no ring)
Will    .....                   (no ring)
Stlth   +++++.....              (no ring)
HPRegen 0.13/turn               (no ring)
MPRegen 0.10/turn               (no ring)
                                (no ring)
                                (no ring)

@: corroded
A: almost no armour, amphibious, 8 rings, camouflage 1, gelatinous body 1,
(nimble swimmer 1), tentacles
a: Renounce Religion, Potion Petition, Call Merchant, Bribe Branch


You were on level 5 of the Dungeon.
You worshipped Gozag.
Gozag was aware of your devotion.
You visited 1 branch of the dungeon, and saw 5 of its levels.

You collected 388 gold pieces.
You paid 48 gold pieces to Gozag.

Inventory:

Hand Weapons
 a - a +2 dagger (weapon)
Missiles
 b - 15 poisoned darts (quivered)
 c - 3 curare-tipped darts
 g - 2 silver javelins
Armour
 l - a +0 tower shield (worn)
Jewellery
 k - a +6 ring of dexterity (left tentacle)
Wands
 m - a wand of acid (10)
Scrolls
 d - a scroll of teleportation {unknown}
 h - a scroll of amnesia {unknown}
 i - a scroll of magic mapping
 o - 2 scrolls of enchant weapon {unknown}
 p - 4 scrolls of fog
 q - a scroll of poison {unknown}
 r - a scroll of vulnerability {unknown}
Potions
 e - a potion of flight
 f - 2 potions of curing
 j - a potion of magic
 n - a potion of attraction


   Skills:
 + Level 2.8 Fighting
 + Level 3.5 Short Blades
 + Level 2.2 Throwing
 + Level 2.2 Dodging
 + Level 8.4 Stealth
 + Level 1.1 Shields


You had 5 spell levels left.
You didn't know any spells.
Your spell library contained the following spells:

 Spells                   Type           Power      Damage    Failure   Level
 Sandblast                Erth           0%         2d4       99%         1
 Passwall                 Tmut/Erth      0%         N/A       100%        2
 Stone Arrow              Conj/Erth      0%         3d7       100%        3


Dungeon Overview and Level Annotations

Branches:
Dungeon (5/15)             Temple (0/1) D:4

Altars:
Gozag


Innate Abilities, Weirdness & Mutations

You cannot wear most types of armour.
You are amphibious.
You can wear up to eight rings at the same time.
Your skin changes colour to match your surroundings (Stealth+).
Your rubbery body absorbs attacks. (AC +1, EV +1)
((You are camouflaged when in or above water. (Stealth+)))
You have tentacles for arms and can constrict up to eight enemies at once.


Message History

Really wriggle into that teleport trap?
You enter a teleport trap!
The teleport trap disappears.
Your surroundings suddenly seem different.
There is a stone staircase leading down here.
You now have 340 gold pieces (gained 6).
You can't go down here!
There is a stone staircase leading down here.
You climb downwards.
Found a stone staircase leading down and a stone staircase leading up.
There is a stone staircase leading up here.
A black bear comes into view.
Found a scroll of fog.
A jelly comes into view.
The helpless black bear fails to defend itself.
You stick the black bear like a pincushion!!!
You kill the black bear!
Your Shields skill increases to level 1!
Unknown command.
An adder comes into view.
The jelly quivers.
You block the jelly's attack.
You hit the jelly.
Your tentacles burn!
The jelly is moderately wounded.
The jelly hits you. The acid corrodes you!
You are splashed with acid!
You hit the jelly but do no damage. The acid corrodes you!
Your tentacles burn!
You squeeze the jelly, but do no damage.
The jelly is moderately wounded.
You block the jelly's attack.
You hit the jelly.
Your tentacles burn!
The jelly is moderately wounded.
You block the jelly's attack. The jelly hits you. The acid corrodes you!
You are splashed with acid!
* * * LOW HITPOINT WARNING * * *
The jelly attacks as you move away! You block the jelly's attack.
The jelly attacks as you move away! You block the jelly's attack.
The jelly attacks as you move away! The jelly hits you.
* * * LOW HITPOINT WARNING * * *
You are splashed with acid!
You die...
Your body crumbles into a pile of gold.

........#
#......# #......#
.# #<....>## .S##
#.......### ...#
#.........#..#.##
#.....<##.#......
#########.#....#
#@..#..# #J$....#
#.#.#..#.
#........
#........##.##
#.#......# .#
#......# #
#......# ........


You could see a jelly.

Vanquished Creatures
  A black bear (D:5)
  A phantom (D:3)
  A hound (D:4)
  A hound skeleton (D:2)
  A gnoll (D:1)
  3 adders
  2 adder zombies (D:2)
  An adder skeleton (D:2)
  3 worms
  2 dart slugs
  5 orcs
  11 ball pythons
  4 bat skeletons (D:2)
  3 endoplasms
  5 giant cockroaches
  4 goblins
  7 hobgoblins
  5 jackals
  7 kobolds
  3 quokkas
  A ball python skeleton (D:2)
  A ball python zombie (D:2)
  8 bats
  6 frilled lizards
  2 quokka skeletons (D:2)
  7 rats
95 creatures vanquished.

Vanquished Creatures (others)
  2 withered plants (D:2)
2 creatures vanquished.

Grand Total: 97 creatures vanquished

Notes
Turn   | Place    | Note
-------+----------+-------------------------------------------
     0 | D:1      | xian the Octopode Brigand began the quest for the Orb.
     0 | D:1      | Reached XP level 1. HP: 14/14 MP: 1/1
   282 | D:1      | Reached XP level 2. HP: 19/19 MP: 2/2
   390 | D:1      | Reached skill level 6 in Stealth
   786 | D:1      | Reached XP level 3. HP: 21/24 MP: 3/3
  1625 | D:2      | Reached XP level 4. HP: 28/29 MP: 4/4
  1837 | D:2      | Reached skill level 7 in Stealth
  2030 | D:2      | Found a faded altar of an unknown god.
  2486 | D:3      | Found an opulent altar of Gozag.
  2495 | D:3      | Became a worshipper of Gozag Ym Sagoz the Greedy
  2540 | D:3      | Reached XP level 5. HP: 30/35 MP: 5/5
  3311 | D:4      | Noticed a phantom
  3349 | D:3      | Killed a phantom
  3350 | D:3      | Reached XP level 6. HP: 34/41 MP: 6/6
  3710 | D:4      | Reached skill level 8 in Stealth
  3866 | D:4      | Found the +5 robe of Night {Dark Will+ SInv}
  3917 | D:4      | Found a staircase to the Ecumenical Temple.
  4126 | D:5      | Entered Level 5 of the Dungeon
  4129 | D:5      | Noticed a black bear
  4133 | D:5      | Killed a black bear
  4134 | D:5      | Reached skill level 1 in Shields
  4143 | D:5      | Splashed by a jelly's acid

Illustrated notes

Levels and vault maps discovered:
D:1:      spicycebolla_arrival_transporter_tutorial, layout_basic
D:2:      layout_basic, serial_undead, serial_undead_b, serial_undead_a,
          serial_undead_e, serial_undead_a, serial_undead_e, serial_undead_d,
          serial_undead_c, serial_undead_c, serial_undead_a, serial_undead_e,
          ebering_ecumenical_altar_webs, minmay_crystal_room,
          hangedman_decor_lopped, minmay_octomino_c4
D:3:      layout_basic, grunt_gozag_statues, minmay_cut_off
D:4:      layout_rooms, minmay_temple_entry_enclosed_plants
D:5:      layout_rooms, mainiacjoe_overflow_alcove_1,
          nicolae_concentric_dashed_squares_mild

Skill      XL: |  1  2  3  4  5  6 |
---------------+-------------------+-----
Stealth        | 6 7 8 |  8.4
Short Blades   | 3 |  3.5
Dodging        | 2 |  2.2
Shields        | 1 |  1.1
Fighting       | |  2.8
Throwing       | |  2.2

Action                   |  1- 3 |  4- 6 || total
-------------------------+-------+-------++-------
Melee: Dagger            |    71 |   115 ||   186
       Tentacles         |    10 |    16 ||    26
       Constrict         |    10 |    22 ||    32
       Punch             |       |     2 ||     2
Throw: Dart              |       |     4 ||     4
  Use: Potion            |       |     3 ||     3
       Scroll            |       |     5 ||     5
 Stab: Sleeping          |    11 |    20 ||    31
       Distracted        |       |     1 ||     1
Armor: Skin              |     8 |    13 ||    21
Dodge: Dodged            |    54 |    31 ||    85
Block: Tower shield      |       |    38 ||    38

Table legend: (Time is in decaauts)
 A = Elapsed time spent in this place.
 B = Non-inter-level travel time spent in this place.
 C = Inter-level travel time spent in this place.
 D = Time resting spent in this place.
 E = Time spent auto-exploring this place.
 F = Levels seen in this place.
 G = Mean time per level.
                   A        B        C        D        E       F      G
               +--------+--------+--------+--------+--------+-----+--------+
         Total |   4154 |   3963 |    191 |    465 |   2428 |   5 |  830.8 |
       Dungeon |   4154 |   3963 |    191 |    465 |   2428 |   5 |  830.8 |
               +--------+--------+--------+--------+--------+-----+--------+

Top non-repeatable levels by time:
     D:2: 1244 daAuts
     D:1: 1215 daAuts
     D:3: 1032 daAuts
     D:4: 644 daAuts
     D:5: 17 daAuts
